 Dungeon Crawl Stone Soup version 0.29.0-13-gc9e81de378 (webtiles) character file.

Game seed: 6162541987079576921

187 raistware the Conjurer (level 5, -3/31 HPs)
             Began as an Octopode Conjurer on Sept 8, 2022.
             Killed by divine providence
             ... invoked by an orc priest
              (13 damage)
             ... on level 3 of the Dungeon.
             The game lasted 00:05:35 (3553 turns).

raistware the Conjurer (Octopode Conjurer)          Turns: 3553, Time: 00:05:35

Health: -3/31      AC:  1    Str:  7    XL:     5   Next: 66%
Magic:  3/11       EV: 13    Int: 22    God:
Gold:   181        SH:  0    Dex: 10    Spells: 7/12 levels left

rFire   . . .      SeeInvis .   g - +2 short sword (venom)
rCold   . . .      Faith    .   (no shield)
rNeg    . . .      Spirit   .   (helmet restricted)
rPois   .          Reflect  .   (no amulet)
rElec   .          Harm     .   (no ring)
rCorr   .          Rampage  .   (no ring)
Will    .....                   (no ring)
Stlth   +++.......              (no ring)
HPRegen 0.10/turn               (no ring)
MPRegen 0.12/turn               (no ring)
                                (no ring)
                                (no ring)

@: no status effects
A: almost no armour, amphibious, 8 rings, camouflage 1, gelatinous body 1,
(nimble swimmer 1), tentacles
a: no special abilities


You were on level 3 of the Dungeon.
You visited 1 branch of the dungeon, and saw 3 of its levels.

You collected 181 gold pieces.

Inventory:

Hand Weapons
 g - a +2 short sword of venom (weapon)
Wands
 k - a wand of flame (10)
Scrolls
 a - 5 scrolls of fear {unknown}
 c - a scroll of poison {unknown}
 d - 2 scrolls of magic mapping {unknown}
 e - 5 scrolls of identify {unknown}
 j - a scroll of teleportation {unknown}
 m - a scroll of vulnerability {unknown}
 n - a scroll of noise {unknown}
 o - a scroll of fog {unknown}
Potions
 b - 2 potions of curing {unknown}
 f - a potion of berserk rage {unknown}
 h - a potion of heal wounds {unknown}
 i - a potion of haste {unknown}
 l - a potion of degeneration {unknown}


   Skills:
 - Level 2.0 Dodging
 - Level 2.6 Stealth
 + Level 4.4 Spellcasting
 + Level 4.5 Conjurations
 - Level 2.0 Translocations


You had 7 spell levels left.
You knew the following spells:

 Your Spells              Type           Power      Damage    Failure   Level
a - Magic Dart            Conj           96%        1d7       1%          1
b - Iskenderun's Mystic   Conj/Tloc      19%        2d6       28%         4

Your spell library contained the following spells:

 Spells                   Type           Power      Damage    Failure   Level
 Searing Ray              Conj           48%        2d6       2%          2
 Dazzling Flash           Conj/Hex       28%        N/A       13%         3
 Ozocubu's Armour         Ice            4%         N/A       32%         3
 Fulminant Prism          Conj/Hex       7%         3d7       38%         4
 Ozocubu's Refrigeration  Ice            2%         4d7       100%        7


Dungeon Overview and Level Annotations

Branches:
Dungeon (3/15)

Altars:


Innate Abilities, Weirdness & Mutations

You cannot wear most types of armour.
You are amphibious.
You can wear up to eight rings at the same time.
Your skin changes colour to match your surroundings (Stealth+).
Your rubbery body absorbs attacks. (AC +1, EV +1)
((You are camouflaged when in or above water. (Stealth+)))
You have tentacles for arms and can constrict up to eight enemies at once.


Message History

The magic dart hits the orc.
You kill the orc!
The orc shouts!
You hear a shout!
An orc priest comes into view. It is wielding a +0 morningstar.
The orc priest shouts!
The orc priest calls down the wrath of Beogh upon you.
Beogh smites you! The orc wizard casts a spell at you.
You resist with some effort. The orc wizard misses you.
The orc hits you with a +0 whip.
Things that are here:
a +0 short sword; a +0 ring mail; an orc corpse You are too injured to fight recklessly!
You hit the orc wizard. You grab the orc wizard. You squeeze the orc wizard.
The orc wizard is heavily wounded.
You constrict the orc wizard, but do no damage.
The orc wizard barely misses you. The orc hits you with a +0 whip.
Casting: Magic Dart (safe; 1% risk of failure)
Confirm with . or Enter, or press ? or * to list all spells.
The spell is extremely dangerous to miscast (28% risk of failure)!
Continue anyway?
You erupt in a blast of force!
The mystic blast hits the orc priest!
The orc priest is heavily wounded.
The orc priest is knocked back by the mystic blast.
The mystic blast hits the orc!
You kill the orc!
The mystic blast hits the orc wizard.
The orc wizard is almost dead.
You lose your grip on the orc wizard.
The orc wizard is knocked back by the mystic blast.
The orc wizard collides with the orc priest!
The orc wizard is almost dead.
Unknown command.
Unknown command.
You are too injured to fight recklessly!
The orc wizard mumbles some strange words.
The orc wizard flickers and vanishes!
Deactivating autopickup; reactivate with Ctrl-A.
The orc priest invokes the aid of Beogh against you.
Beogh smites you!
You die...

#.##.# #.#
#+####
#.##.###.#
#........#
####.##.##
#.#...####
#........+
#.#...####
####.##)##
#.....)@#
#.#####{#
#o# #.#
#.. #.#
..# .##


You could see an orc priest.

Vanquished Creatures
  3 gnolls
  8 adders
  A worm (D:3)
  A dart slug (D:1)
  4 orcs (D:3)
  6 bats
  5 endoplasms
  2 giant cockroaches (D:1)
  3 goblins
  7 hobgoblins
  7 jackals
  8 quokkas
  6 ball pythons
  5 frilled lizards
  6 kobolds
  6 rats
78 creatures vanquished.

Vanquished Creatures (others)
  22 plants (D:1)
22 creatures vanquished.

Grand Total: 100 creatures vanquished

Notes
Turn   | Place    | Note
-------+----------+-------------------------------------------
     0 | D:1      | raistware the Octopode Conjurer began the quest for the
                  | Orb.
     0 | D:1      | Reached XP level 1. HP: 11/11 MP: 3/3
   100 | D:1      | Reached XP level 2. HP: 4/17 MP: 2/5
   688 | D:1      | Reached XP level 3. HP: 21/21 MP: 2/7
  1773 | D:2      | Reached XP level 4. HP: 27/27 MP: 7/9
  1778 | D:2      | Learned a level 4 spell: Iskenderun's Mystic Blast
  2119 | D:2      | Reached skill level 1 in Translocations
  2613 | D:3      | Reached XP level 5. HP: 25/31 MP: 7/11
  3353 | D:3      | Found a faded altar of an unknown god.
  3553 | D:3      | Killed from afar by an orc priest

Illustrated notes

Levels and vault maps discovered:
D:1:      eino_arrival_tree_alley, layout_basic, serial_aquarium,
          aquarium_bridge_square [aquarium_subvault_bridge,
          aquarium_subvault_wall, aquarium_subvault_window,
          aquarium_subvault_wall], aquarium_window_fake, aquarium_window_2,
          aquarium_window_fake, aquarium_window_corridor_2, aquarium_view_2a,
          aquarium_view_2d, aquarium_pool_double, minmay_tetromino_s4
D:2:      layout_rooms
D:3:      layout_loops_corners, hellmonk_ecumenical_altar_heavens_door

Skill      XL: |  1  2  3  4 |
---------------+-------------+-----
Spellcasting   | 3 4 |  4.4
Translocations | 2 |  2.0
Dodging        | |  2.0
Stealth        | |  2.6
Conjurations   | |  4.5

Action                   |  1- 3 |  4- 6 || total
-------------------------+-------+-------++-------
Melee: Unarmed           |    15 |       ||    15
       Constrict         |     3 |     3 ||     6
       Tentacles         |     3 |     2 ||     5
       Short sword       |     3 |    15 ||    18
       Punch             |       |     1 ||     1
 Cast: Magic Dart        |    80 |    78 ||   158
       Iskenderun's Myst |       |     2 ||     2
  Use: Potion            |     1 |       ||     1
 Stab: Sleeping          |       |     1 ||     1
Armor: Skin              |     5 |       ||     5
Dodge: Dodged            |    15 |    20 ||    35
